[Event "Titled Tuesday Blitz July 18 Late 2023"]
[White "Delorme, Axel"]
[Black "Cardenas Carbajal, Nilson"]
[WhiteFideId "632023"]
[BlackFideId "8401128"]
[WhiteElo "2426"]
[BlackElo "2176"]
[Result "1-0"]
[Round "3"]
[TimeControl "180+2"]
[Date "2023.07.18"]
[WhiteClock "0:01:55"]
[BlackClock "0:00:14"]
[Board "151"]

1. e4 e5 2. Nf3 Nc6 3. Bb5 a6 4. Ba4 Nf6 5. O-O Nxe4 6. d4 b5 7. Bb3 d5 8. dxe5 Be6 9. Nbd2 Bc5 10. Nxe4 dxe4 11. Ng5 Bxb3 12. Qxd8+ Kxd8 13. axb3 Nxe5 14. Bf4 f6 15. Nxe4 Bb6 16. Bxe5 fxe5 17. Rfd1+ Ke7 18. Kf1 Rhf8 19. Ke2 a5 20. Rd5 Ke6 21. Rxb5 Rad8 22. b4 axb4 23. Rxb4 Rd4 24. Rxd4 exd4 25. Kd3 Kd5 26. f3 c5 27. b3 h6 28. Ra6 Kc6 29. Kc4 Kb7 30. Ra1 Rc8 31. Nd6+ 1-0


[Site "https://www.chess.com"]

[Event "Titled Tuesday Blitz July 18 Late 2023"]
[White "Gatterer, Florian"]
[Black "Floresvillar Gonzalez, Luis Migu"]
[WhiteFideId "811688"]
[BlackFideId "5100542"]
[WhiteElo "2423"]
[BlackElo "2076"]
[Result "1/2-1/2"]
[Round "3"]
[TimeControl "180+2"]
[Date "2023.07.18"]
[WhiteClock "0:00:10"]
[BlackClock "0:00:03"]
[Board "152"]

1. Nf3 d5 2. g3 Bf5 3. Bg2 c6 4. O-O Nf6 5. d4 Nbd7 6. c4 e6 7. Nc3 Bd6 8. Qb3 Qb6 9. c5 Qxb3 10. axb3 Bc7 11. b4 O-O 12. b5 e5 13. bxc6 bxc6 14. dxe5 Nxe5 15. Nd4 Bd7 16. e4 dxe4 17. Nxe4 Nxe4 18. Bxe4 f5 19. Bg2 h6 20. Bf4 g5 21. Bxe5 Bxe5 22. Nxc6 Bxc6 23. Bxc6 Rab8 24. Bd5+ Kh8 25. Rxa7 Rxb2 26. c6 Rc2 27. Ra4 f4 28. g4 Rc8 29. Kg2 Rc7 30. Re4 Bd6 31. Re6 Bf8 32. Ra1 Kg7 33. Ra8 Bc5 34. Rd8 Rxf2+ 35. Kh3 Rd2 36. Ree8 Bg1 37. Bg2 Rxd8 38. Rxd8 Bb6 39. Rd7+ Rxd7 40. cxd7 Kf6 41. Bc6 Ke7 42. Kg2 Be3 43. Kf3 Bg1 44. h3 Bb6 45. Ba4 Bd8 46. Ke4 Ke6 47. Bb5 Bf6 48. Ba4 Kd6 49. Kf5 Bd8 50. Kg6 f3 51. Kxh6 f2 52. Bb5 Kc5 53. Bf1 Kd6 54. Kg6 Kxd7 55. Kf5 Kd6 56. h4 gxh4 57. g5 Bxg5 58. Kxg5 h3 59. Bxh3 f1=Q 60. Bxf1 1/2-1/2


[Site "https://www.chess.com"]

[Event "Titled Tuesday Blitz July 18 Late 2023"]
[White "Ricaurte Lopez, Juan Carlos"]
[Black "Kanyamarala, Trisha"]
[WhiteFideId "3600327"]
[BlackFideId "45004722"]
[WhiteElo "2144"]
[BlackElo "2354"]
[Result "0-1"]
[Round "3"]
[TimeControl "180+2"]
[Date "2023.07.18"]
[WhiteClock "0:00:00"]
[BlackClock "0:00:10"]
[Board "153"]

1. e4 c5 2. Nf3 d6 3. d4 cxd4 4. Nxd4 Nf6 5. Nc3 a6 6. f4 Nc6 7. Nf3 g6 8. Bc4 Bg7 9. e5 dxe5 10. Qxd8+ Nxd8 11. Nxe5 O-O 12. Be3 Be6 13. O-O-O Bxc4 14. Nxc4 b5 15. Ne5 Nb7 16. h3 Rfd8 17. Bb6 Rd6 18. Bc7 Rxd1+ 19. Rxd1 Rc8 20. Bb6 Nd6 21. g4 b4 22. Nd5 Nxd5 23. Rxd5 f6 24. Nf3 Rc4 25. Bc5 Rxf4 26. Bxd6 exd6 27. Nd4 Bh6 28. Kd1 Rf1+ 29. Ke2 Rh1 30. Rxd6 Rh2+ 31. Kd3 Rxh3+ 32. Kc4 a5 33. Rxf6 Rh4 34. Ra6 Rxg4 35. Rxa5 Bg7 36. c3 h5 37. Kxb4 Bxd4 38. cxd4 Rxd4+ 39. Kc5 Rf4 40. b4 h4 41. b5 h3 42. Ra3 Rh4 43. b6 Kf7 44. b7 Rh8 45. Ra8 Rh5+ 46. Kc4 Rh4+ 47. Kc3 h2 48. b8=Q h1=Q 49. Qf8+ Ke6 50. Re8+ Kd5 51. Qf6 Qa1+ 0-1


[Site "https://www.chess.com"]

[Event "Titled Tuesday Blitz July 18 Late 2023"]
[White "KhalilMousavi98"]
[Black "Dubreuil, Julien"]
[BlackFideId "621285"]
[WhiteElo "2805"]
[BlackElo "2333"]
[Result "1-0"]
[Round "3"]
[TimeControl "180+2"]
[Date "2023.07.18"]
[WhiteClock "0:01:03"]
[BlackClock "0:00:18"]
[Board "154"]

1. e4 c5 2. Nf3 Nc6 3. d4 cxd4 4. Nxd4 g6 5. c4 Bg7 6. Be3 Nf6 7. Nc3 O-O 8. f3 Qb6 9. Qb3 Nxd4 10. Qxb6 Nxf3+ 11. gxf3 axb6 12. Bxb6 Nh5 13. Kd2 f5 14. Bd3 Nf4 15. Bc2 fxe4 16. Bxe4 e6 17. c5 Nh3 18. Kc2 Ng5 19. Rhf1 Rf4 20. Bc7 Rh4 21. Bg3 Rh5 22. b4 Ra3 23. Nb5 Nxe4 24. fxe4 Rxg3 25. hxg3 Bxa1 26. Rxa1 b6 27. Nd6 Ba6 28. cxb6 1-0


[Site "https://www.chess.com"]

[Event "Titled Tuesday Blitz July 18 Late 2023"]
[White "Troff, Kayden"]
[Black "Kujawski, Adam"]
[WhiteFideId "2047896"]
[BlackFideId "1100920"]
[WhiteElo "2796"]
[BlackElo "2328"]
[Result "0-1"]
[Round "3"]
[TimeControl "180+2"]
[Date "2023.07.18"]
[WhiteClock "0:00:00"]
[BlackClock "0:00:05"]
[Board "155"]

1. a3 e5 2. c4 Nf6 3. g3 c6 4. Bg2 d5 5. cxd5 cxd5 6. d4 e4 7. Nc3 a6 8. Nh3 Bxh3 9. Bxh3 Nc6 10. O-O Be7 11. Bg2 Qb6 12. Be3 Qxb2 13. Na4 Qb5 14. Rb1 Qa5 15. Rxb7 O-O 16. Bf4 Rfc8 17. Bh3 Bxa3 18. Bxc8 Rxc8 19. Qb3 Bf8 20. e3 Nb4 21. Nb6 Re8 22. Nd7 Nxd7 23. Rxd7 Qb5 24. Rc7 h6 25. Rfc1 g5 26. Be5 Nd3 27. Qxb5 axb5 28. Rc8 Nxe5 29. Rxe8 Nf3+ 30. Kg2 Kg7 31. Rcc8 Ba3 32. Rg8+ Kf6 33. Rb8 b4 34. Rb6+ Ke7 35. Rxh6 Nd2 36. Rb6 b3 37. Rgb8 b2 38. Rxb2 Bxb2 39. Rxb2 Nc4 40. Rb5 Ke6 0-1


[Site "https://www.chess.com"]

[Event "Titled Tuesday Blitz July 18 Late 2023"]
[White "Vifleemskaia, Svetlana"]
[Black "Leiva, Gianmarco"]
[WhiteFideId "4129490"]
[BlackFideId "3804399"]
[WhiteElo "2323"]
[BlackElo "2717"]
[Result "0-1"]
[Round "3"]
[TimeControl "180+2"]
[Date "2023.07.18"]
[WhiteClock "0:00:07"]
[BlackClock "0:00:58"]
[Board "156"]

1. d4 Nf6 2. c4 e6 3. Nc3 Bb4 4. e3 O-O 5. Ne2 c6 6. a3 Ba5 7. b4 Bc7 8. f4 a5 9. Bd2 d6 10. e4 e5 11. d5 exf4 12. Nxf4 Re8 13. Be2 Bb6 14. Qb1 Nbd7 15. dxc6 bxc6 16. c5 dxc5 17. bxa5 Bxa5 18. O-O Ne5 19. Be1 Qd4+ 20. Kh1 Bxc3 21. Bxc3 Qxc3 22. Qc1 Nxe4 23. Bf3 Qxc1 24. Raxc1 Nd2 25. Rfd1 Ndxf3 0-1


[Site "https://www.chess.com"]

[Event "Titled Tuesday Blitz July 18 Late 2023"]
[White "Arias Igual, Alejandro"]
[Black "Lewicki, Miroslaw"]
[WhiteFideId "2254905"]
[BlackFideId "1113380"]
[WhiteElo "2317"]
[BlackElo "2640"]
[Result "0-1"]
[Round "3"]
[TimeControl "180+2"]
[Date "2023.07.18"]
[WhiteClock "0:01:14"]
[BlackClock "0:02:19"]
[Board "157"]

1. e4 f6 2. d4 Kf7 3. Nf3 g6 4. Bc4+ Kg7 5. O-O b6 6. Qe2 Bb7 7. Bf4 e6 8. Bb3 Nc6 9. c3 g5 10. Bg3 h5 11. h4 g4 12. Nh2 Nh6 13. Nd2 Be7 14. f3 f5 15. Qf2 Rf8 16. Bc2 f4 17. e5 Nxe5 18. Bxf4 Rxf4 19. dxe5 Bc5 0-1


[Site "https://www.chess.com"]

[Event "Titled Tuesday Blitz July 18 Late 2023"]
[White "Ncatt"]
[Black "Lewtak, Damian"]
[BlackFideId "1141724"]
[WhiteElo "2317"]
[BlackElo "2609"]
[Result "0-1"]
[Round "3"]
[TimeControl "180+2"]
[Date "2023.07.18"]
[WhiteClock "0:00:00"]
[BlackClock "0:00:07"]
[Board "158"]

1. e4 a6 2. d4 e6 3. Nc3 b6 4. f4 Bb7 5. Nf3 Bb4 6. Bd3 Nf6 7. Qe2 d5 8. e5 Ne4 9. Bd2 Nxd2 10. Qxd2 c5 11. a3 Ba5 12. O-O Nc6 13. Qf2 cxd4 14. Ne2 b5 15. Nfxd4 Nxd4 16. Nxd4 g6 17. c3 Bb6 18. a4 bxa4 19. Rxa4 O-O 20. Rfa1 a5 21. Qc2 Qh4 22. Qf2 Qe7 23. Kh1 f6 24. Qe3 Rae8 25. Bb5 fxe5 26. Qxe5 Bc7 27. Qe2 Bxf4 28. Bxe8 Rxe8 29. Qxe6+ Qxe6 30. Nxe6 Bd6 31. Nd4 Bc7 32. b4 axb4 33. Rxb4 Bc8 34. g3 Bh3 35. Nf3 Bd6 36. Rh4 Bf5 37. Re1 Be4 38. Kg1 Rc8 39. Ng5 Bc5+ 40. Kf1 Be7 41. Rhxe4 dxe4 42. Nxe4 Ra8 43. Ke2 Ra2+ 44. Nd2 Bg5 45. Rd1 h5 46. Kd3 Be7 47. h3 Kf7 48. Ne4 Rh2 49. h4 Ke6 50. Kd4 Re2 51. c4 Bf8 52. c5 Bg7+ 53. Kd3 Ra2 54. Rc1 Ra3+ 55. Kc4 Ra4+ 56. Kd3 Ra3+ 57. Ke2 Be5 58. c6 Bc7 59. Ng5+ Kd5 60. Nf3 Ra2+ 61. Ke3 Ra3+ 62. Kf2 Ra2+ 63. Ke3 Rg2 64. Ne1 Rxg3+ 65. Kf2 Rh3 66. Nf3 Bb6+ 67. Kg2 Rxf3 68. Kxf3 Bc7 69. Rc2 Kd6 70. Kf4 Bd8 71. Kg3 Kc7 72. Kh3 Bf6 73. Rc4 g5 74. hxg5 Bxg5 75. Rc5 Bf6 76. Rc2 h4 77. Kg4 Be7 78. Kf5 Bd6 79. Rc3 Bg3 80. Ke6 Kc8 0-1


[Site "https://www.chess.com"]

[Event "Titled Tuesday Blitz July 18 Late 2023"]
[White "Velasco, Santiago"]
[Black "Lopez Idarraga, Daniel Eduardo"]
[WhiteFideId "4401328"]
[BlackFideId "4405501"]
[WhiteElo "2573"]
[BlackElo "2300"]
[Result "1/2-1/2"]
[Round "3"]
[TimeControl "180+2"]
[Date "2023.07.18"]
[WhiteClock "0:00:20"]
[BlackClock "0:00:19"]
[Board "159"]

1. d4 c6 2. Bg5 d5 3. c3 Bf5 4. Nf3 Nd7 5. Nh4 Bg4 6. h3 Bh5 7. g4 h6 8. Bf4 e5 9. dxe5 Qxh4 10. Bg3 Qe7 11. gxh5 Nxe5 12. Bg2 Nf6 13. Qb3 b6 14. Qa4 b5 15. Qa6 Nfd7 16. O-O Qc5 17. a4 b4 18. Rc1 Qb6 19. Qxb6 axb6 20. cxb4 Bxb4 21. Kh2 O-O 22. f4 Nc4 23. b3 Na5 24. e4 dxe4 25. Bxe4 Nxb3 26. Rc4 c5 27. Bxa8 Nxa1 28. Bc6 Nf6 29. f5 Nb3 30. Bd6 Rd8 31. Be7 Rd1 32. Bxf6 Rxb1 33. Be5 Na5 34. Rg4 Nxc6 35. Bxg7 Kh7 36. Bf6 Bc3 37. Rg7+ Kh8 38. Bxc3 Nd4 39. Rxf7 Rb3 40. Bxd4+ cxd4 41. Rd7 Rb4 42. f6 Kg8 43. Kg3 Rxa4 44. Kf4 Ra5 45. Rxd4 Rxh5 46. Rd6 Rxh3 47. Kf5 Kf7 48. Rxb6 Rf3+ 49. Ke5 Re3+ 50. Kf5 Rf3+ 51. Ke5 Re3+ 52. Kf5 Rf3+ 1/2-1/2


[Site "https://www.chess.com"]

[Event "Titled Tuesday Blitz July 18 Late 2023"]
[White "Arencibia Monduy, Antonio"]
[Black "Svicevic, Rastko"]
[WhiteFideId "3507939"]
[BlackFideId "916315"]
[WhiteElo "2536"]
[BlackElo "2290"]
[Result "1-0"]
[Round "3"]
[TimeControl "180+2"]
[Date "2023.07.18"]
[WhiteClock "0:00:44"]
[BlackClock "0:00:46"]
[Board "160"]

1. e4 c5 2. Nf3 d6 3. c3 g6 4. Bd3 Bg7 5. O-O Nc6 6. Bc2 e5 7. h3 Nge7 8. Re1 O-O 9. d3 d5 10. Qe2 d4 11. a3 a5 12. Bg5 f6 13. Bc1 a4 14. Nbd2 b5 15. Nf1 Be6 16. Bd2 Kh8 17. cxd4 exd4 18. Rac1 b4 19. Bb1 Qb6 20. Bf4 Na5 21. N1d2 Nec6 22. Bd6 Rfd8 23. Bxc5 Qb5 24. axb4 Nb3 25. Nxb3 axb3 26. Qd2 Ra4 27. Qf4 Nxb4 28. Bxd4 Nc6 29. Bxf6 1-0


[Site "https://www.chess.com"]

[Event "Titled Tuesday Blitz July 18 Late 2023"]
[White "Ismayil, Malak"]
[Black "Rietze, Clemens, Dr."]
[WhiteFideId "13412604"]
[BlackFideId "24620351"]
[WhiteElo "2513"]
[BlackElo "2275"]
[Result "0-1"]
[Round "3"]
[TimeControl "180+2"]
[Date "2023.07.18"]
[WhiteClock "0:00:00"]
[BlackClock "0:00:10"]
[Board "161"]

1. e4 c5 2. Nf3 Nc6 3. Bb5 e6 4. O-O Nge7 5. b3 Ng6 6. Bb2 f6 7. d4 cxd4 8. Nxd4 Be7 9. Bxc6 dxc6 10. c4 O-O 11. Nc3 Qc7 12. Qc2 Rd8 13. Rad1 a6 14. g3 c5 15. Nde2 Bd7 16. Rd2 Bc6 17. f4 Bf8 18. Rfd1 b6 19. f5 Rxd2 20. Rxd2 Ne5 21. Kf1 exf5 22. Nd5 Qf7 23. Nef4 fxe4 24. Qxe4 Re8 25. Qf5 Bd7 26. Qc2 b5 27. Kg2 Bc6 28. Re2 bxc4 29. bxc4 Bd6 30. Rf2 Ng4 31. Bc1 Nxf2 32. Kxf2 g5 33. Ne2 Bxd5 34. cxd5 Qxd5 35. Bb2 c4 36. Bd4 Rxe2+ 37. Qxe2 Qxd4+ 38. Kf1 Be5 39. Qh5 Qd3+ 40. Kg2 Qe4+ 41. Kf1 Qg6 42. Qf3 Qf7 43. Qa8+ Kg7 44. Qc6 Qa7 45. Ke2 Qd4 46. Qb7+ Kg6 47. Qa8 Qd3+ 48. Ke1 Bc3+ 49. Kf2 Bd4+ 50. Kg2 Qe2+ 51. Kh3 Qe7 52. Qg8+ Kh6 53. Qd5 Be5 54. Qxc4 Qd7+ 55. g4 Qb5 56. Qf7 Qb8 57. Qe6 Qh8 58. Qf5 Qg7 59. Qe4 Qg6 60. Qc6 Qd3+ 61. Kg2 Qe2+ 62. Kg1 Qxh2+ 63. Kf1 Qf4+ 64. Ke1 Qxg4 65. Qh1+ Qh4+ 66. Qxh4+ gxh4 0-1


[Site "https://www.chess.com"]

[Event "Titled Tuesday Blitz July 18 Late 2023"]
[White "Cooper, Aaron"]
[Black "Melnichuk, Mikhail"]
[WhiteFideId "2634945"]
[BlackFideId "14117533"]
[WhiteElo "2272"]
[BlackElo "2510"]
[Result "1-0"]
[Round "3"]
[TimeControl "180+2"]
[Date "2023.07.18"]
[WhiteClock "0:01:17"]
[BlackClock "0:00:53"]
[Board "162"]

1. b4 Nf6 2. Bb2 e6 3. b5 d5 4. e3 g6 5. c4 Bg7 6. Nf3 Kf8 7. Nc3 b6 8. Qb3 Bb7 9. d4 Nbd7 10. Be2 a6 11. a4 axb5 12. cxb5 Ne4 13. O-O Nxc3 14. Bxc3 Bf6 15. Rfc1 Kg7 16. a5 bxa5 17. Bxa5 Nb6 18. Qc3 Rc8 19. Nd2 c5 20. bxc6 Rxc6 21. Qb3 Rd6 22. Rab1 Qd7 23. Bxb6 Rc8 24. Bc5 1-0


[Site "https://www.chess.com"]

[Event "Titled Tuesday Blitz July 18 Late 2023"]
[White "Tomaszewski, Kacper"]
[Black "Zampronha, Wladimir Camilo"]
[WhiteFideId "1127373"]
[BlackFideId "2103087"]
[WhiteElo "2472"]
[BlackElo "2267"]
[Result "1-0"]
[Round "3"]
[TimeControl "180+2"]
[Date "2023.07.18"]
[WhiteClock "0:00:16"]
[BlackClock "0:00:00"]
[Board "163"]

1. d4 Nf6 2. Nf3 e6 3. Bf4 d5 4. e3 c5 5. c3 Nc6 6. Bd3 Bd6 7. Bg3 O-O 8. Nbd2 Qe7 9. Qe2 e5 10. dxe5 Nxe5 11. Nxe5 Bxe5 12. Nf3 Bxg3 13. hxg3 Bg4 14. O-O-O b5 15. Rh4 Bxf3 16. gxf3 b4 17. cxb4 cxb4 18. Kb1 Rac8 19. Rdh1 h6 20. g4 Nh7 21. f4 Rc6 22. g5 Rfc8 23. Bf5 a5 24. Qd3 Nf8 25. Bxc8 Rxc8 26. gxh6 g6 27. h7+ Kh8 28. Qd4+ f6 29. Qxd5 Ne6 30. f5 Qc7 31. Qd2 gxf5 32. Rc1 Nc5 33. Rhc4 Ne4 34. Rxc7 Nxd2+ 35. Ka1 Rxc7 36. Rxc7 1-0


[Site "https://www.chess.com"]

[Event "Titled Tuesday Blitz July 18 Late 2023"]
[White "Ward, Ieuan C"]
[Black "Korkmaz, Necmettin"]
[WhiteFideId "406627"]
[BlackFideId "6303285"]
[WhiteElo "2265"]
[BlackElo "2470"]
[Result "0-1"]
[Round "3"]
[TimeControl "180+2"]
[Date "2023.07.18"]
[WhiteClock "0:02:30"]
[BlackClock "0:02:00"]
[Board "164"]

1. d4 d5 2. c4 c6 3. Nc3 Nf6 4. Nf3 e6 5. e3 Nbd7 6. Bd3 Bd6 7. O-O O-O 8. Qc2 dxc4 9. Bxc4 b5 10. Bd3 Bb7 11. e4 e5 12. a3 exd4 13. Nxd4 Nc5 14. Rd1 Bxh2+ 15. Kxh2 Qxd4 16. Bxb5 Qe5+ 17. f4 Qh5+ 18. Kg1 cxb5 0-1


[Site "https://www.chess.com"]

[Event "Titled Tuesday Blitz July 18 Late 2023"]
[White "Broca Jimenez, Fernando"]
[Black "Bobkov, Vadim"]
[WhiteFideId "5104742"]
[BlackFideId "34110876"]
[WhiteElo "2253"]
[BlackElo "2464"]
[Result "1-0"]
[Round "3"]
[TimeControl "180+2"]
[Date "2023.07.18"]
[WhiteClock "0:01:11"]
[BlackClock "0:00:00"]
[Board "165"]

1. e4 c5 2. c3 g6 3. d4 cxd4 4. cxd4 d5 5. e5 a6 6. Nf3 Nc6 7. Nc3 Bg7 8. Bd3 Bg4 9. Be3 e6 10. h3 Bxf3 11. Qxf3 f6 12. exf6 Nxf6 13. O-O O-O 14. Qe2 Qd6 15. Rac1 Nh5 16. Qg4 Rae8 17. Rcd1 Nf4 18. Bb1 e5 19. dxe5 Nxe5 20. Bxf4 1-0


[Site "https://www.chess.com"]

[Event "Titled Tuesday Blitz July 18 Late 2023"]
[White "Alboredo, Julia"]
[Black "rikchessmx"]
[WhiteFideId "2124807"]
[WhiteElo "2456"]
[BlackElo "2252"]
[Result "0-1"]
[Round "3"]
[TimeControl "180+2"]
[Date "2023.07.18"]
[WhiteClock "0:00:03"]
[BlackClock "0:00:10"]
[Board "166"]

1. e4 c5 2. Nf3 e6 3. b3 d5 4. exd5 exd5 5. d4 Nc6 6. Bb2 Nf6 7. h3 Be7 8. Bd3 O-O 9. O-O a6 10. dxc5 Bxc5 11. Nc3 Be6 12. Ne2 Qd6 13. Ned4 Nb4 14. Be2 Rac8 15. a3 Nc6 16. Bd3 Ne4 17. Re1 Qf4 18. Bc1 Qf6 19. Bb2 Qf4 20. Qe2 Rfe8 21. Bxe4 dxe4 22. Qxe4 Qxe4 23. Rxe4 Bd5 24. Rxe8+ Rxe8 25. Kf1 Nxd4 26. Bxd4 Bf8 27. Ne5 b5 28. a4 Rc8 29. axb5 axb5 30. Ra2 f6 31. Nd3 Be4 32. Ne1 Bb4 33. f3 Bg6 34. Nd3 Bxd3+ 35. cxd3 Rd8 36. Bb6 Rxd3 37. Ra8+ Kf7 38. Ra7+ Kg6 39. Rb7 Rxb3 40. Bc7 Bc5 41. Ba5 b4 42. Ke2 Rb2+ 43. Kf1 b3 44. g4 Bd4 45. Bb4 Rb1+ 46. Kg2 b2 47. Bf8 h5 48. Rxg7+ Kh6 49. Rd7+ Kg6 50. Rg7+ Kh6 51. Rd7+ Kg6 52. Rxd4 Rc1 53. Rb4 b1=Q 54. Rxb1 Rxb1 55. Bd6 hxg4 56. hxg4 Rb3 57. Kg3 Rd3 58. Bf4 Rd1 59. Be3 Ra1 60. Kf2 Ra2+ 61. Kg3 f5 62. Bd4 fxg4 63. fxg4 Ra3+ 64. Kf4 Ra4 65. Ke5 Kg5 66. Ke4 Kxg4 67. Kd5 Kf5 68. Kc5 Ke4 69. Bf6 Ra2 70. Kb4 Rc2 71. Kb3 Rc6 72. Bg7 Kd3 73. Kb4 Rg6 74. Bf8 Ke4 75. Bc5 Kd5 76. Be3 Rc6 77. Bf2 Rc4+ 78. Kb3 Rf4 79. Be1 Re4 80. Ba5 Re2 81. Kc3 Re3+ 82. Kb4 Re2 83. Bb6 Rb2+ 84. Ka5 Kc4 85. Bd8 Rb5+ 86. Ka6 Rb2 87. Be7 Kd5 88. Bf8 Kc6 89. Ka5 Rb8 90. Be7 Re8 91. Bb4 Kd5 92. Ka4 Kc4 93. Ba5 Ra8 94. Ka3 Rxa5+ 95. Kb2 Rb5+ 0-1


[Site "https://www.chess.com"]

[Event "Titled Tuesday Blitz July 18 Late 2023"]
[White "Luxama, Jacques Muller"]
[Black "WindWhistler11"]
[WhiteFideId "11900113"]
[WhiteElo "2243"]
[BlackElo "2455"]
[Result "0-1"]
[Round "3"]
[TimeControl "180+2"]
[Date "2023.07.18"]
[WhiteClock "0:00:00"]
[BlackClock "0:00:19"]
[Board "167"]

1. e4 e6 2. d4 d5 3. Nc3 Bb4 4. e5 Ne7 5. a3 Ba5 6. h4 Bb6 7. h5 h6 8. b4 Nf5 9. Nf3 Nc6 10. Bb5 Bd7 11. Bxc6 Bxc6 12. g4 Ne7 13. Bf4 Qd7 14. Qd3 a6 15. a4 Qd8 16. Kf1 O-O 17. g5 f6 18. exf6 gxf6 19. gxh6 Nf5 20. Rg1+ Kh8 21. Ne2 Qe8 22. Rg6 Bxa4 23. Kg1 Bb5 24. Qd2 Rg8 25. Rxg8+ Qxg8+ 26. Kh2 Qg4 27. Ne5 Qxh5+ 28. Kg2 Bxe2 29. Rh1 Rg8+ 30. Bg3 Nh4+ 31. Rxh4 Qxh4 32. Qxe2 Qxd4 33. Nf7+ Kh7 34. Qh5 Qe4+ 35. Kh3 Qg6 36. Qxg6+ Rxg6 37. Nd8 Rxh6+ 38. Kg2 f5 39. Nf7 Rg6 40. Kf3 c6 41. Ne5 Rg7 42. Bf4 Bc7 43. c3 Bxe5 44. Bxe5 Rg4 45. Bd4 Kg6 46. Ke3 f4+ 47. Kd3 Kf5 48. f3 Rg3 49. Ke2 e5 50. Bc5 e4 51. fxe4+ dxe4 52. Bd4 Rh3 53. Kf2 Rh2+ 54. Kg1 Rc2 55. Kf1 Kg4 56. Ke1 e3 57. Kd1 Rh2 0-1


[Site "https://www.chess.com"]

[Event "Titled Tuesday Blitz July 18 Late 2023"]
[White "Horcajuelo Rocamora, Martin"]
[Black "Cardozo Munar, Carlos Eduardo"]
[WhiteFideId "24573027"]
[BlackFideId "4409477"]
[WhiteElo "2452"]
[BlackElo "2242"]
[Result "1-0"]
[Round "3"]
[TimeControl "180+2"]
[Date "2023.07.18"]
[WhiteClock "0:00:54"]
[BlackClock "0:00:00"]
[Board "168"]

1. e3 e6 2. b3 d5 3. Bb2 c5 4. Nf3 Nc6 5. d4 Nf6 6. Bd3 a6 7. O-O b5 8. dxc5 Bxc5 9. Nbd2 Bb7 10. Qe2 Bd6 11. e4 dxe4 12. Nxe4 Nxe4 13. Bxe4 Qc7 14. Rfd1 O-O-O 15. a4 b4 16. g3 Kb8 17. Bxg7 Rhg8 18. Bf6 Be7 19. Bb2 h5 20. Bd3 a5 21. Ne5 h4 22. Nxf7 hxg3 23. hxg3 Nd4 24. Bxd4 Rxg3+ 25. fxg3 Qxg3+ 26. Kf1 Qh3+ 27. Ke1 1-0


[Site "https://www.chess.com"]

[Event "Titled Tuesday Blitz July 18 Late 2023"]
[White "De Souza, Cristiano Gomes"]
[Black "Deviprasath, Sharvesh"]
[WhiteFideId "2151758"]
[BlackFideId "30938228"]
[WhiteElo "2234"]
[BlackElo "2446"]
[Result "1-0"]
[Round "3"]
[TimeControl "180+2"]
[Date "2023.07.18"]
[WhiteClock "0:02:04"]
[BlackClock "0:02:04"]
[Board "169"]

1. d4 Nf6 2. c4 e6 3. Nf3 b6 4. g3 Ba6 5. b3 Bb4+ 6. Bd2 Be7 7. Bg2 Bb7 8. Bc3 O-O 9. O-O d5 10. Ne5 Nbd7 11. Nd2 Nxe5 12. dxe5 Nd7 13. cxd5 exd5 14. Bb2 Re8 15. Rc1 c5 16. Nc4 Rb8 17. Bxd5 Bxd5 18. Qxd5 Qc8 19. Rcd1 Nf8 20. Nd6 Bxd6 21. Qxd6 Rb7 22. Qd5 Qh3 23. Qxb7 Re6 24. Qg2 Qh5 1-0


[Site "https://www.chess.com"]

[Event "Titled Tuesday Blitz July 18 Late 2023"]
[White "Marra, Eduardo da Costa"]
[Black "Schachpanda_Youtube"]
[WhiteFideId "2106990"]
[WhiteElo "2443"]
[BlackElo "2231"]
[Result "1-0"]
[Round "3"]
[TimeControl "180+2"]
[Date "2023.07.18"]
[WhiteClock "0:01:17"]
[BlackClock "0:00:13"]
[Board "170"]

1. d4 d5 2. Nc3 Nf6 3. Bf4 a6 4. e3 Bf5 5. Nf3 e6 6. Ne5 h6 7. g4 Bh7 8. h4 Nfd7 9. Nd3 Bd6 10. g5 Nc6 11. Bxd6 cxd6 12. gxh6 gxh6 13. Qd2 Qc7 14. O-O-O O-O-O 15. Kb1 Rhg8 16. Rc1 e5 17. Nxd5 Qb8 18. Qc3 Be4 19. Ne7+ Kc7 20. Nxg8 Bxh1 21. Nxh6 Bd5 22. Bh3 exd4 23. exd4 Rh8 24. Nf5 Qa7 25. Qa3 Be6 26. Qxd6+ Kc8 27. d5 1-0


[Site "https://www.chess.com"]

[Event "Titled Tuesday Blitz July 18 Late 2023"]
[White "JonSnowNW1"]
[Black "Kuchava, Ana"]
[BlackFideId "13605348"]
[WhiteElo "2435"]
[BlackElo "2228"]
[Result "0-1"]
[Round "3"]
[TimeControl "180+2"]
[Date "2023.07.18"]
[WhiteClock "0:00:00"]
[BlackClock "0:00:04"]
[Board "171"]

1. c4 e6 2. e4 d5 3. cxd5 exd5 4. exd5 Nf6 5. Bb5+ Bd7 6. Bc4 Bd6 7. Nc3 O-O 8. Nf3 Re8+ 9. Be2 Bg4 10. O-O Nbd7 11. h3 Bh5 12. d4 h6 13. Be3 Nb6 14. Qb3 Nfxd5 15. Nxd5 Nxd5 16. Bc4 Bxf3 17. gxf3 c6 18. Bxd5 cxd5 19. f4 Qh4 20. Qxd5 Bxf4 21. Qf3 Bd6 22. Qg4 Qf6 23. Kh1 Re6 24. Rg1 Rae8 25. Rac1 Re4 26. Qd7 Qf3+ 27. Rg2 R8e6 28. Qd8+ Kh7 29. Rc8 Qxh3+ 30. Kg1 Rg4 31. Qg8+ Kg6 32. Rxg4+ Qxg4+ 33. Kf1 Qd1+ 34. Kg2 Re4 0-1


[Site "https://www.chess.com"]

[Event "Titled Tuesday Blitz July 18 Late 2023"]
[White "ChessSG1"]
[Black "Castella Garcia, Fausto"]
[BlackFideId "3501922"]
[WhiteElo "2224"]
[BlackElo "2431"]
[Result "0-1"]
[Round "3"]
[TimeControl "180+2"]
[Date "2023.07.18"]
[WhiteClock "0:00:00"]
[BlackClock "0:00:10"]
[Board "172"]

1. c4 c5 2. Nf3 g6 3. e4 Bg7 4. d4 cxd4 5. Nxd4 Nc6 6. Be3 Nf6 7. Nc3 O-O 8. Be2 b6 9. O-O Bb7 10. f3 e6 11. Rc1 d5 12. Nxc6 Bxc6 13. cxd5 exd5 14. e5 Ne8 15. f4 Nc7 16. Bf3 Qd7 17. Qd2 Rad8 18. Rfd1 f6 19. exf6 Bxf6 20. b4 Rfe8 21. Bf2 Bb7 22. Ne2 Ne6 23. Nd4 Nxd4 24. Bxd4 Qf5 25. Rc7 Rd7 26. Rxb7 Bxd4+ 27. Qxd4 Rxb7 28. Qxd5+ Qxd5 29. Bxd5+ Rf7 30. Bxf7+ Kxf7 31. Rd7+ Kf6 32. Rxa7 Re2 33. a3 h5 34. Kf1 Ra2 35. Ra6 Kf5 36. g3 h4 37. Rxb6 h3 38. g4+ Kxf4 39. Rxg6 Rxh2 40. Rc6 Ra2 41. Rc4+ Kf3 42. Rc3+ Kxg4 43. b5 h2 0-1


[Site "https://www.chess.com"]

[Event "Titled Tuesday Blitz July 18 Late 2023"]
[White "SoyuzTM4"]
[Black "Der_Balak_3Halak"]
[WhiteElo "2221"]
[BlackElo "2429"]
[Result "1-0"]
[Round "3"]
[TimeControl "180+2"]
[Date "2023.07.18"]
[WhiteClock "0:01:04"]
[BlackClock "0:00:02"]
[Board "173"]

1. e4 b6 2. d4 Bb7 3. Nc3 e6 4. Nf3 Bb4 5. Bd3 c5 6. O-O cxd4 7. Nxd4 Bxc3 8. bxc3 Ne7 9. Ba3 Nbc6 10. Nb5 Nc8 11. Qg4 g6 12. Qg3 e5 13. Bd6 Qf6 14. f4 Nxd6 15. fxe5 Qxe5 16. Nxd6+ Ke7 17. Nxb7 Qxg3 18. hxg3 d6 19. Bc4 Ne5 20. Bd5 Rab8 21. a4 f6 22. a5 Ng4 23. axb6 axb6 24. Ra7 Ne3 25. Nc5+ Ke8 26. Bc6+ Kf8 27. Ne6+ Kg8 28. Rg7# 1-0


[Site "https://www.chess.com"]

[Event "Titled Tuesday Blitz July 18 Late 2023"]
[White "Yordanov, Nikolay Plamenov"]
[Black "De Arruda, Leandro Formes"]
[WhiteFideId "2907445"]
[BlackFideId "22722009"]
[WhiteElo "2396"]
[BlackElo "2221"]
[Result "1-0"]
[Round "3"]
[TimeControl "180+2"]
[Date "2023.07.18"]
[WhiteClock "0:01:36"]
[BlackClock "0:00:00"]
[Board "174"]

1. d4 d5 2. Bf4 Nf6 3. e3 e6 4. Nf3 Bd6 5. Bxd6 Qxd6 6. c4 c6 7. Nc3 Nbd7 8. Bd3 O-O 9. O-O Re8 10. e4 e5 11. dxe5 Nxe5 12. exd5 cxd5 13. cxd5 Bg4 14. Be2 Rad8 15. Nxe5 Bxe2 16. Qxe2 Rxe5 17. Qf3 Qb4 18. Rae1 Rxe1 19. Rxe1 Qxb2 20. h3 h6 21. Rb1 Qa3 22. Rxb7 Qc1+ 23. Kh2 a5 24. Ne4 Rf8 25. Nxf6+ gxf6 26. Qxf6 Qd2 27. Rb3 Kh7 28. Rg3 1-0


[Site "https://www.chess.com"]